 Dungeon Sprint DCSS version 0.24.0-123-gd5b16e6ec5 (webtiles) character file.

Game seed: 12119397460289416781, levelgen mode: deterministic

178 McKennaii the Destroyer (level 5, 0/39 HPs)
             Began as a Draconian Conjurer on Jan 26, 2020.
             Slain by a hippogriff (2 damage)
             ... in the Dungeon (Sprint II: "The Violet Keep of Menkaure").
             The game lasted 00:00:21 (31 turns).

McKennaii the Destroyer (Draconian Conjurer)          Turns: 31, Time: 00:00:22

Health: 0/39       AC:  5    Str: 11    XL:     5   Next: 32%
Magic:  1/12       EV: 13    Int: 16    God:
Gold:   0          SH:  0    Dex: 11    Spells: 12/13 levels left

rFire    . . .     SeeInvis .   (no weapon)
rCold    . . .     Gourm    .   (no shield)
rNeg     . . .     Faith    .   (armour unavailable)
rPois    .         Spirit   .   (helmet restricted)
rElec    .         Reflect  .   (no cloak)
rCorr    .         Harm     .   (no gloves)
MR       .....     NoTele   +   (no boots)
Stlth    ++........             (no amulet)
HPRegen  0.13/turn              (no ring)
MPRegen  0.13/turn              (no ring)

@: berserk cooldown, slowed, very slow
A: unfitting armour, cold-blooded, AC +5
a: no special abilities


You were in the Dungeon.
You were not hungry.

You visited 1 branch

Inventory:

Scrolls
 h - a scroll of blinking
Potions
 c - a potion of curing
 e - a potion of haste
 f - 2 potions of magic
Comestibles
 b - a ration


   Skills:
 + Level 0.6 Fighting
 + Level 3.6 Dodging
 + Level 3.3 Stealth
 * Level 4.8 Spellcasting
 + Level 9.5 Conjurations


You had 12 spell levels left.
You knew the following spells:

 Your Spells              Type           Power        Failure   Level  Hunger
a - Magic Dart            Conj           ####         1%          1    None

Your spell library contained the following spells:

 Spells                   Type           Power        Failure   Level  Hunger
 Searing Ray              Conj           ####..       1%          2    ##.....
 Iskenderun's Mystic Bla  Conj           ####....     3%          4    ####...
 Dazzling Spray           Conj/Hex       ###...       7%          3    ###....
 Force Lance              Conj/Tloc      ###.....     22%         4    ####...
 Fulminant Prism          Conj/Hex       ###.......   22%         4    ####...


Dungeon Overview and Level Annotations

Branches:
Dungeon (1/1)

Altars:


Innate Abilities, Weirdness & Mutations

Your plain brown scales are hard. (AC +5)
You cannot fit into any form of body armour.
You are cold-blooded and may be slowed by cold attacks.


Message History

Aiming: Magic Dart (safe; 1% risk of failure)
Press: ? - help, Shift-Dir - straight line, f - hippogriff
Aim: a hippogriff The magic dart hits the hippogriff.
The hippogriff is lightly wounded.
The hippogriff closely misses you. The hippogriff pecks you.
The hippogriff claws you!
* * * LOW HITPOINT WARNING * * *
Casting: Magic Dart (safe; 1% risk of failure)
Confirm with . or Enter, or press ? or * to list all spells.
Aiming: Magic Dart (safe; 1% risk of failure)
Press: ? - help, Shift-Dir - straight line, f/p - hippogriff
Aim: a hippogriff (lightly wounded)
The magic dart hits the hippogriff.
The hippogriff is lightly wounded.
The hippogriff bites you but does no damage.
The hippogriff closely misses you. The hippogriff claws you.
* * * LOW HITPOINT WARNING * * *
The hippogriff bites you.
You die...

## ## .##
w# ww # .#.
#. #+# #
#.##.###a.#
#†H@.+$#
#.##.###a.#
#. #+# # #


w#w .. .. ##$ .## ## ## You could see a hippogriff.

Vanquished Creatures
  A hippogriff (D)
1 creature vanquished.

Notes
Turn   | Place    | Note
-------+----------+-------------------------------------------
     0 | D        | McKennaii the Draconian Conjurer began the quest for the
                  | Orb.
     0 | D        | Reached XP level 1. HP: 14/14 MP: 3/3
     1 | D        | Noticed a hippogriff
     1 | D        | Noticed a hippogriff
     9 | D        | Noticed a tyrant leech
     9 | D        | Noticed a tyrant leech
    13 | D        | Noticed a worker ant
    13 | D        | Noticed a worker ant
    26 | D        | HP: 1/21 [hippogriff (6)]
    27 | D        | Killed a hippogriff
    27 | D        | Reached skill level 9 in Conjurations
    27 | D        | Reached XP level 2. HP: 2/22 MP: 3/7
    27 | D        | Reached XP level 3. HP: 2/27 MP: 3/9
    27 | D        | Reached XP level 4. HP: 3/34 MP: 3/10
    27 | D        | Reached XP level 5. HP: 4/39 MP: 3/12
    31 | D        | Slain by a hippogriff

Levels and vault maps discovered:
D:        the_violet_keep_of_menkaure [sprint2_stairs_cluster_1,
          sprint2_shoproom, sprint2_temple, sprint2_basic_supplies,
          sprint2_obstacle_5, sprint2_obstacle_6, sprint2_obstacle_7,
          sprint2_obstacle_3, sprint2_obstacle_2, sprint2_timed_cluster_1,
          sprint2_smallroom_cluster_1, sprint2_smallroom_final_cluster_1,
          sprint2_transparent_cluster_1, sprint2_second_timed_cluster_1,
          sprint2_sniper_area_1, sprint2_heavy_combat_area_1,
          sprint2_mutation_trap_area_1, sprint2_forest_area_1,
          sprint2_light_combat_area_1, sprint2_behind_water_1,
          sprint2_near_end_vault_1]

Skill      XL: |  1 |
---------------+----+-----
Dodging        | 3 |  3.6
Stealth        | 3 |  3.3
Spellcasting   | 4 |  4.8
Conjurations   | 9 |  9.5
Fighting       | |  0.6

Action                   |  1- 3 |  4- 6 || total
-------------------------+-------+-------++-------
Melee: Unarmed           |     9 |       ||     9
       Tailslap          |     2 |       ||     2
 Cast: Magic Dart        |       |     2 ||     2
  Use: Potion            |     1 |     1 ||     2
Armor: Skin              |     6 |     1 ||     7
Dodge: Dodged            |     7 |     2 ||     9
